 Dungeon Crawl Stone Soup version 0.27.1-3-gb3d3a73c9e (webtiles) character file.

Game seed: 16041868989879831065

1899 Icepheonix32 the Sneak (level 9, -1/54 HPs)
             Began as an Octopode Conjurer on Oct 13, 2021.
             Was an Initiate of Vehumet.
             Killed from afar by Dowan (14 damage)
             ... with a puff of flame
             ... on level 7 of the Dungeon on Oct 14, 2021.
             The game lasted 00:12:31 (8810 turns).

Icepheonix32 the Sneak (Octopode Conjurer)          Turns: 8810, Time: 00:12:34

Health: -1/54      AC:  1    Str:  6    XL:     9   Next: 15%
Magic:  6/17       EV: 14    Int: 27    God:    Vehumet [......]
Gold:   255        SH:  0    Dex: 11    Spells: 9/19 levels left

rFire    . . .     SeeInvis .   s - +9 long sword of the Magi {venom, rCorr Int+4}
rCold    . . .     Faith    .   (no shield)
rNeg     + + .     Spirit   .   (helmet restricted)
rPois    .         Reflect  .   (no amulet)
rElec    .         Harm     .   f - ring of positive energy
rCorr    +         Rampage  .   y - ring of positive energy
Will     +....                  z - ring of wizardry
Stlth    ++++......             A - ring of willpower
HPRegen  0.18/turn              (no ring)
MPRegen  0.15/turn              (no ring)
                                (no ring)
                                (no ring)

@: no status effects
A: almost no armour, amphibious, 8 rings, camouflage 1, gelatinous body 1,
(nimble swimmer 1), tentacles
a: Renounce Religion


You were on level 7 of the Dungeon.
You worshipped Vehumet.
Vehumet was noncommittal.
You visited 2 branches of the dungeon, and saw 8 of its levels.

You collected 279 gold pieces.
You spent 24 gold pieces at shops.

Inventory:

Hand Weapons
 a - a +2 hand axe of electrocution
 c - a +0 dagger
 p - a +1 flail of protection
 s - the +9 long sword of the Magi (weapon) {venom, rCorr Int+4}
   (You found it on level 4 of the Dungeon)

   It poisons the flesh of those it strikes.
   Int:       It affects your intelligence (+4).
   rCorr:     It protects you from acid and corrosion.
Missiles
 m - 3 throwing nets
 u - 27 poisoned darts
 B - 8 boomerangs of dispersal (quivered)
Jewellery
 f - a ring of positive energy (left tentacle)
 y - a ring of positive energy (right tentacle)
 z - a ring of wizardry (on tentacle)
 A - a ring of willpower (on tentacle)
Wands
 v - a wand of flame (18)
Scrolls
 g - a scroll of fog
 h - a scroll of enchant armour {unknown}
 j - a scroll of torment {unknown}
 k - 2 scrolls of identify
 l - a scroll of silence {unknown}
 n - a scroll of enchant weapon {unknown}
 o - a scroll of magic mapping {unknown}
 q - a scroll of amnesia {unknown}
 x - 2 scrolls of noise {unknown}
 C - 2 scrolls of immolation {unknown}
Potions
 b - 2 potions of might
 d - 2 potions of attraction
 e - 2 potions of berserk rage {unknown}
 i - a potion of curing {unknown}
 r - a potion of invisibility {unknown}
 t - a potion of heal wounds {unknown}
 w - a potion of haste {unknown}


   Skills:
 + Level 2.2 Fighting
 + Level 3.8 Long Blades
 - Level 0.5 Axes
 * Level 4.8 Dodging
 + Level 6.3 Stealth
 * Level 5.8 Spellcasting
 + Level 6.0 Conjurations
 + Level 2.6 Hexes
 + Level 2.6 Translocations


You had 9 spell levels left.
You knew the following spells:

 Your Spells              Type           Power      Damage    Failure   Level
a - Magic Dart            Conj           100%       1d8       1%          1
b - Searing Ray           Conj           80%        3d6       1%          2
c - Dazzling Flash        Conj/Hex       62%        N/A       1%          3
d - Iskenderun's Mystic   Conj/Tloc      31%        2d8       4%          4

Your spell library contained the following spells:

 Spells                   Type           Power      Damage    Failure   Level
 Fulminant Prism          Conj/Hex       15%        3d11      4%          4
 Animate Dead             Necr           3%         N/A       26%         4
 Haunt                    Necr/Summ      3%         N/A       100%        7
 Infestation              Necr           3%         N/A       100%        8


Dungeon Overview and Level Annotations

Branches:
Dungeon (7/15)             Temple (1/1) D:4

Altars:
Ashenzari
Cheibriados
Dithmenos
Fedhas
Gozag
Makhleb
Nemelex Xobeh
Okawaru
Qazlal
Ru
Sif Muna
Trog
Uskayaw
Vehumet
Wu Jian
Xom
Yredelemnul
The Shining One

Shops:
D:2 *   D:4 [

Annotations:
D:7 Dowan


Innate Abilities, Weirdness & Mutations

You cannot wear most types of armour.
You are amphibious.
You can wear up to eight rings at the same time.
Your skin changes colour to match your surroundings (Stealth+).
Your rubbery body absorbs attacks. (AC +1, EV +1)
((You are camouflaged near water. (Stealth+)))
You have tentacles for arms and can constrict up to eight enemies at once.


Message History

Duvessa hits you with a +1 short sword of draining!
You partially resist.
You feel drained. Duvessa closely misses you.
The searing ray hits Duvessa!
Duvessa is almost dead.
The searing ray hits the killer bee zombie!
The killer bee zombie is heavily damaged.
You finish channeling your searing ray.
Duvessa hits you with a +1 short sword of draining.
You partially resist.
You feel drained.
Casting: Searing Ray (safe; 1% risk of failure)
Confirm with . or Enter, or press ? or * to list all spells.
Aiming: Searing Ray (safe; 1% risk of failure)
Press: ? - help, Shift-Dir - straight line, f/p - Duvessa
Aim: Duvessa, wielding a +1 short sword of draining and wearing a +0 scale mail (almost dead, fast, 86% to hit)
The searing ray hits Duvessa.
Duvessa is almost dead.
The searing ray hits the killer bee zombie!
You destroy the killer bee zombie!
Vehumet accepts your kill. (Press . to maintain the ray.) Duvessa barely misses you.
Duvessa hits you with a +1 short sword of draining!
You partially resist.
You feel drained.
Your Conjurations skill increases to level 6!
The searing ray hits Duvessa.
You kill Duvessa!
Vehumet accepts your kill.
Dowan's eyes darken. "You have made a black mistake."
Dowan seems to find hidden reserves of power!
The searing ray hits the howler monkey skeleton!
You destroy the howler monkey skeleton!
Vehumet accepts your kill.
Your life force feels restored.
The searing ray hits Dowan!
Dowan is severely wounded.
Dowan casts a spell at you. The shard of ice hits you!
* * * LOW HITPOINT WARNING * * *
Dowan zaps a wand.
The puff of flame hits you!
You die...

#... .... ##. .##^(#
.... .... .........
##.#.##.# #
........##.###..
#.#..##..............
#.#..##.#.##e##.##...
#....##.#.##@# #
#.#..##.#.##.##.#
##.#...#.....<...#
................[...
#####.#.#...#.########.#
.....<#.##..#.#
...........>#.#
#######.###.#.# #.#
#.#.#


You could see Dowan (fast).

Vanquished Creatures
  Duvessa (D:7)
  3 sky beasts (D:6)
  2 black bears
  2 ice beasts
  4 ogres (D:5)
  A wyvern zombie (D:6)
  2 scorpions
  3 jellies
  3 hounds
  2 centaur skeletons
  Ijyb (D:5)
  3 bullfrog skeletons
  2 iguanas
  A killer bee zombie (D:7)
  A hound zombie (D:5)
  4 gnolls (D:3)
  A howler monkey skeleton (D:7)
  6 adders
  A white imp (D:6)
  2 ufetubi
  4 worms
  2 dart slugs
  8 bats
  4 endoplasms
  6 giant cockroaches
  5 goblins
  13 hobgoblins
  4 jackals
  2 quokkas
  4 ball pythons
  5 frilled lizards
  7 kobolds
  8 rats
117 creatures vanquished.

Vanquished Creatures (others)
  2 fungi (D:2)
  3 plants (D:2)
5 creatures vanquished.

Grand Total: 122 creatures vanquished

Notes
Turn   | Place    | Note
-------+----------+-------------------------------------------
     0 | D:1      | Icepheonix32 the Octopode Conjurer began the quest for the
                  | Orb.
     0 | D:1      | Reached XP level 1. HP: 11/11 MP: 3/3
   403 | D:1      | Reached XP level 2. HP: 17/17 MP: 5/5
   909 | D:1      | Reached XP level 3. HP: 21/21 MP: 6/6
  1561 | D:2      | Found Xith's General Store.
  1791 | D:2      | Reached XP level 4. HP: 27/27 MP: 2/7
  2648 | D:2      | Found a faded altar of an unknown god.
  2869 | D:2      | Bought a scroll of identify for 24 gold pieces
  3635 | D:3      | Reached XP level 5. HP: 21/31 MP: 0/9
  4049 | D:3      | HP: 1/31 [gnoll (13)]
  4439 | D:4      | Found Icaeras's Antique Armour Shop.
  4469 | D:4      | Noticed a black bear
  4629 | D:4      | Found a burning altar of Makhleb.
  4637 | D:4      | Identified the +9 long sword of the Magi {venom, rCorr
                  | Int+4}
  4646 | D:4      | Learned a level 2 spell: Searing Ray
  4650 | D:4      | Learned a level 3 spell: Dazzling Flash
  4655 | D:4      | Learned a level 4 spell: Iskenderun's Mystic Blast
  4926 | D:4      | Reached skill level 5 in Conjurations
  5039 | D:4      | Found a staircase to the Ecumenical Temple.
  5050 | Temple   | Entered the Ecumenical Temple
  5477 | D:4      | Reached XP level 6. HP: 37/37 MP: 10/10
  5513 | D:4      | Reached skill level 1 in Translocations
  5525 | D:4      | Killed a black bear
  5526 | D:4      | Reached skill level 1 in Hexes
  5716 | D:5      | Entered Level 5 of the Dungeon
  5726 | D:5      | Reached XP level 7. HP: 28/42 MP: 7/12
  5833 | D:5      | Reached skill level 1 in Fighting
  5833 | D:5      | Reached skill level 5 in Stealth
  5926 | D:5      | Reached skill level 1 in Long Blades
  6276 | D:5      | Noticed Ijyb
  6283 | D:5      | Killed Ijyb
  6470 | D:5      | Reached XP level 8. HP: 47/48 MP: 6/14
  6870 | D:5      | Found a hide-covered altar of Uskayaw.
  6873 | D:5      | Found a radiant altar of Vehumet.
  6888 | D:5      | Became a worshipper of Vehumet
  7318 | D:6      | Reached skill level 5 in Spellcasting
  7804 | D:6      | Reached XP level 9. HP: 54/54 MP: 11/17
  8798 | D:7      | Noticed Duvessa
  8799 | D:7      | Noticed Dowan
  8809 | D:7      | Killed Duvessa
  8810 | D:7      | Killed from afar by Dowan

Illustrated notes

Levels and vault maps discovered:
D:1:      dpeg_arrival_leaves_temple_mockup, layout_basic, minmay_tetromino_l4
D:2:      layout_basic, shapermc_ecumenical_altar_mp_urbaneastern, serial_shops,
          nicolae_square_shop, minivault_4, serial_bayou_pond_e
D:3:      layout_basic
D:4:      layout_loops_cross, bloody_makhleb, minmay_temple_entry_poolview,
          serial_shops, nicolae_square_shop, dk_noncrumbling_3
D:5:      layout_loops_ring, mainiacjoe_overflow_big_doors, uniq_ijyb
D:6:      layout_layer_cave
D:7:      layout_basic, overflow_temple_1_default, lemuel_tele_altar,
          minmay_bent, uniq_duvessa, uniq_harold, uniq_crazy_yiuf_cottage
Temple:   regret_index_temple_generic_petals

Skill      XL: |  1  2  3  4  5  6  7  8  9 |
---------------+----------------------------+-----
Stealth        | 3 4 5 6 |  6.3
Spellcasting   | 3 4 5 |  5.8
Dodging        | 3 4 |  4.8
Conjurations   | 5 6 |  6.0
Translocations | 1 2 |  2.6
Hexes          | 1 2 |  2.6
Fighting       | 1 2 |  2.2
Long Blades    | 1 3 |  3.8
Axes           | |  0.5

Action                   |  1- 3 |  4- 6 |  7- 9 || total
-------------------------+-------+-------+-------++-------
Melee: Hand axe          |    35 |    30 |       ||    65
       Constrict         |    10 |     6 |     5 ||    21
       Tentacles         |     4 |     2 |     1 ||     7
       Long sword        |       |     9 |    26 ||    35
 Cast: Magic Dart        |    42 |    69 |    63 ||   174
       Searing Ray       |       |     2 |    18 ||    20
Evoke: Wand              |       |       |     1 ||     1
  Use: Scroll            |       |     3 |       ||     3
 Stab: Sleeping          |     7 |    11 |     2 ||    20
Armor: Skin              |     6 |     3 |     2 ||    11
Dodge: Dodged            |    22 |    18 |    21 ||    61
       Rpst.: Long sword |       |     2 |     5 ||     7
